 Seeded DCSS version 0.30-a0-242-g7bf8e6d (webtiles) character file.

Game seed: 7674521023698936968 (custom seed)

102237 malesh the Brawler (level 16, -8/115 HPs)
             Began as a Human Transmuter on Oct 11, 2022.
             Was the Champion of Cheibriados.
             Mangled by a faun
             ... wielding a +0 quarterstaff
              (24 damage)
             ... on level 1 of the Shoals.
             The game lasted 02:11:47 (33625 turns).

malesh the Brawler (Human Transmuter)              Turns: 33625, Time: 02:11:48

Health: -8/115     AC:  7    Str: 31    XL:     16   Next: 85%
Magic:  34/39      EV: 23    Int: 30    God:    Cheibriados [******]
Gold:   1644       SH:  5    Dex: 30    Spells: 9/36 levels left

rFire   . . .      SeeInvis +      - Unarmed
rCold   . . .      Faith    .    (shield currently unavailable)
rNeg    . . .      Spirit   .    B - +2 robe {Will+}
rPois   .          Reflect  +    w - +0 hat
rElec   .          Harm     .    t - +1 cloak {Stlth+}
rCorr   .          Rampage  .    (gloves currently unavailable)
Will    +....                    i - +0 pair of boots
Stlth   ++........               s - amulet of reflection
HPRegen 0.39/turn                d - ring of magical power
MPRegen 0.26/turn                M - ring "Mymymea" {Wiz Fly SInv}

@: lit by a corona, blade hands, weak-willed, flying, glowing, very slow
A: no striking features
a: End Transformation, Renounce Religion, Bend Time, Temporal Distortion,
Slouch, Step From Time


You were on level 1 of the Shoals.
You worshipped Cheibriados.
Cheibriados was exalted by your worship.
You had blades for hands.
You visited 5 branches of the dungeon, and saw 24 of its levels.
You also visited: Bailey, Gauntlet and Volcano.

You collected 2941 gold pieces.
You spent 1297 gold pieces at shops.

Inventory:

Missiles
 e - 39 poisoned darts
Armour
 a - a +0 kite shield (melded)
 i - a +0 pair of boots (worn)
 q - a +2 pair of gloves (melded)
 t - a +1 cloak of stealth (worn)
 w - a +0 hat (worn)
 x - a +1 robe of fire resistance
 B - a +2 robe of willpower (worn)
 C - a +1 robe of positive energy
 O - a +2 robe of cold resistance
Jewellery
 d - a ring of magical power (left blade hand)
 s - an amulet of reflection (around neck)
 M - the ring "Mymymea" (right blade hand) {Wiz Fly SInv}
   (You found it in a Gauntlet)

   [ring of wizardry]

   It improves your spell success rate.
   SInv:      It lets you see invisible.
   Fly:       It grants you flight.
 Q - a ring of protection from cold
Wands
 b - a wand of polymorph (15)
 f - a wand of digging (2)
 h - a wand of flame (78)
 l - a wand of acid (24)
 u - a wand of paralysis (23)
 H - a wand of iceblast (11)
 P - a wand of mindburst (14)
Scrolls
 g - 14 scrolls of teleportation
 m - 4 scrolls of fog
 n - a scroll of summoning
 p - 12 scrolls of blinking
 y - 3 scrolls of magic mapping
 D - 4 scrolls of fear
 L - a scroll of poison
Potions
 c - 12 potions of curing
 j - 8 potions of might
 o - 4 potions of cancellation
 v - 2 potions of attraction
 z - 2 potions of heal wounds
 A - 4 potions of lignification
 F - 2 potions of magic
 G - a potion of invisibility
 J - a potion of resistance
 K - 2 potions of berserk rage


   Skills:
 + Level 7.4 Fighting
 + Level 9.7 Dodging
 - Level 1.3 Stealth
 + Level 4.2 Shields
 * Level 16.5 Unarmed Combat
 + Level 10.7 Spellcasting
 - Level 1.3 Conjurations
 + Level 2.4 Hexes
 + Level 12.4 Transmutations
 - Level 6.0 Ice Magic
 - Level 0.7 Air Magic
 - Level 5.1 Poison Magic
 + Level 9.0 Invocations
 - Level 3.0 Evocations


You had 9 spell levels left.
You knew the following spells:

 Your Spells              Type           Power      Damage    Failure   Level
a - Beastly Appendage     Tmut           100%       N/A       1%          1
b - Wereblood             Tmut           74%        N/A       1%          2
c - Spider Form           Tmut/Pois      62%        N/A       4%          3
d - Ice Form              Ice/Tmut       63%        N/A       5%          4
e - Mephitic Cloud        Conj/Pois/Air  30%        N/A       12%         3
f - Blade Hands           Tmut           37%        N/A       4%          5
g - Olgreb's Toxic Radia  Pois           47%        N/A       12%         4
h - Yara's Violent Unrav  Hex/Tmut       28%        3d12      12%         5

Your spell library contained the following spells:

 Spells                   Type           Power      Damage    Failure   Level
 Sting                    Tmut/Pois      100%       1d8       2%          1
 Poisonous Vapours        Pois/Air       66%        N/A       8%          2
 Magic Dart               Conj           96%        1d7       9%          1
 Apportation              Tloc           32%        N/A       11%         1
 Necrotise                Necr           64%        1d7       11%         1
 Summon Small Mammal      Summ           64%        N/A       11%         1
 Tukima's Dance           Hex            30%        N/A       12%         3
 Call Imp                 Summ           16%        N/A       13%         2
 Portal Projectile        Hex/Tloc       46%        N/A       16%         3
 Kindle Blastsparks       Fire/Tloc/Air  34%        2d12      19%         3
 Gell's Gravitas          Tloc           16%        N/A       21%         3
 Teleport Other           Tloc           16%        N/A       21%         3
 Fulminant Prism          Conj/Hex       13%        3d9       26%         4
 Eringya's Noxious Bog    Tmut/Pois      31%        N/A       26%         6
 Iskenderun's Mystic Bla  Conj/Tloc      20%        2d6       34%         4
 Passage of Golubria      Tloc           16%        N/A       41%         4
 Lee's Rapid Deconstruct  Erth           8%         3d8*      65%         5
 Summon Forest            Summ/Tloc      8%         N/A       65%         5
 Ozocubu's Refrigeration  Ice            25%        4d13      89%         7
 Dispersal                Tloc           8%         N/A       98%         6
 Summon Hydra             Summ           8%         N/A       100%        7
 Ignition                 Fire           8%         3d5       100%        8


Dungeon Overview and Level Annotations

Branches:
Dungeon (15/15)            Temple (1/1) D:6            Lair (5/5) D:10
 Shoals (1/4) Lair:3        Snake (0/4) Lair:3        Slime (0/5) Lair:5
    Orc (2/2) D:11            Elf (0/3) Orc:2        Vaults (0/5) D:13
 Depths (0/4) D:15         Bailey (visited)         Volcano (visited)
Gauntlet (visited)

Altars:
Ashenzari
Cheibriados
Dithmenos
Elyvilon
Fedhas
Gozag
Hepliaklqana
Kikubaaqudgha
Nemelex Xobeh
Okawaru
Qazlal
Ru
Sif Muna
Trog
Uskayaw
Wu Jian
Xom
Yredelemnul
Zin
The Shining One

Shops:
D:7 [   D:11 (   Orc:2 ((:

Annotations:
D:6 exclusion: plant
D:11 2 transporters, Taxman66's ghost, journeyman HuHs
Lair:4 2 transporters, Kyusiynim's ghost, journeyman GnEn
Shoals:1 2 transporters, brinewave's ghost, adept HOCA
Orc:1 1 transporter, Ubbricas's ghost, journeyman OgHs
Orc:2 2 transporters, edsrzf's ghost, journeyman DrAr


Message History

The faun splashes around in the water.
You pummel the water elemental!!
You destroy the water elemental!
Cheibriados appreciates the change of pace.
The faun barely misses you. The faun hits you but does no damage.
You closely miss the faun.
The faun is severely wounded.
The faun hits you but does no damage.
You hit the faun.
The faun is severely wounded.
You block the faun's attack.
The faun unwields a +0 sling.
The faun wields a +0 quarterstaff.
The faun barely misses you. You block the faun's attack.
You pummel the faun!!
You kill the faun!
Cheibriados thoroughly appreciates the change of pace.
You hear a splash. x2
You block the faun's attack.
Okay, then.
Unknown command.
Unknown command.
You are too injured to fight recklessly!
Casting: Blade Hands (mildly dangerous; 1% risk of failure)
Confirm with . or Enter, or press ? or * to list all spells.
Okay, then.
Unknown command.
Casting: Blade Hands (mildly dangerous; 1% risk of failure)
Confirm with . or Enter, or press ? or * to list all spells.
Your hands turn into razor-sharp scythe blades.
Your +2 pair of gloves melds into your body.
Your +0 kite shield melds into your body.
The faun hits you with a +0 quarterstaff!!
* * * LOW HITPOINT WARNING * * *
You block the faun's attack.
You shred the faun!!! You slash the faun!
You kill the faun!
Cheibriados thoroughly appreciates the change of pace.
You hear a splash. x2; You hear a shout!
The faun hits you with a +0 quarterstaff!!
You die...

≈≈≈≈≈≈≈≈≈≈≈~~~~≈≈~
~≈≈≈≈≈≈≈≈≈≈≈~~~~.~≈≈≈≈≈~
~≈≈≈≈≈≈≈≈≈≈≈~~~≈~≈≈≈≈≈..
~≈~≈≈≈≈≈~≈≈~~~≈≈≈≈≈~~...
~~~~≈≈≈~~≈≈~~~≈≈≈~~~....
~~~~≈~~~~≈≈~~~~~~~~~~.~.
≈~~~~~.~≈≈≈≈≈≈~~~~~~~..~
≈≈≈≈≈~~~≈≈≈≈≈≈~c))~~~..~
≈≈≈≈≈≈≈≈≈≈≈≈≈≈≈@≈≈≈~~~~
≈≈≈≈≈≈≈≈≈≈≈≈≈≈≈≈≈≈≈~~~
≈≈≈≈≈≈≈≈≈≈≈≈≈≈≈≈≈≈≈≈≈~
≈≈≈≈≈≈≈≈≈≈≈≈≈≈≈≈≈≈≈≈≈≈
≈≈≈≈≈≈≈≈≈≈≈≈≈≈≈≈≈≈≈≈≈≈
≈≈≈≈≈≈≈≈≈≈≈≈≈≈≈≈≈≈≈≈≈≈
≈≈≈≈≈≈≈≈≈≈≈≈≈≈≈≈≈≈≈≈≈
####################


You could see a faun.

Vanquished Creatures
  Jorgrun (Shoals:1)
  Mlioglotl (Shoals:1)
  A frost giant (D:15)
  Louise (D:15)
  2 orc warlords
  A minotaur (Gauntlet)
  A green death (Gauntlet)
  2 fire dragons
  Josephine (Shoals:1)
  A merfolk impaler (Shoals:1)
  A great orb of eyes (Gauntlet)
  Erolcha (D:13)
  A merfolk avatar (Lair:5)
  2 boulder beetles
  4 two-headed ogres
  A death knight (D:15)
  3 death yaks (Lair:4)
  4 centaur warriors
  2 tengu warriors (D:15)
  Urug (Lair:2)
  Amaemon (Lair:1)
  3 sea snakes
  7 orc knights
  2 deep elf pyromancers
  5 lindwurms (Volcano)
  7 harpies
  8 manticores
  11 fauns (Shoals:1)
  4 ugly things
  An elephant (Lair:5)
  6 cyclopes
  Joseph (D:7)
  7 black mambas
  5 centaur zombies (D:10)
  2 smoke demons (Volcano)
  An orange demon (Lair:1)
  5 merfolk sirens
  A minotaur zombie (Gauntlet)
  2 unseen horror zombies (D:10)
  9 cane toads
  An unseen horror (D:11)
  2 gargoyles
  2 kobold demonologists (D:8)
  11 komodo dragons
  Psyche (D:9)
  7 rime drakes
  A rime drake (shapeshifter) (D:15)
  An efreet (D:13)
  A yaktaur (D:15)
  5 trolls
  3 meliai (D:13)
  4 merfolk (Shoals:1)
  2 wind drakes
  3 polar bears
  11 slime creatures
  4 hornets
  21 blink frogs
  7 dream sheep (Lair:5)
  4 snapping turtles
  A dream sheep (shapeshifter) (D:13)
  Sigmund (D:2)
  4 vampires (D:10)
  6 shadows
  40 yaks
  2 water elementals (Shoals:1)
  9 wraiths
  3 wyverns
  Eustachio (D:6)
  5 basilisks
  6 steam dragons
  16 vampire mosquitoes
  An acid dragon (D:11)
  6 wargs
  A hell hound (Volcano)
  10 water moccasins
  53 orc warriors
  A sky beast (D:7)
  4 black bears
  5 boggarts (D:14)
  33 wolves
  10 ogres
  11 centaurs
  2 phantoms
  5 kobold brigands
  Blork the orc (D:6)
  3 bullfrogs
  2 gnoll sergeants
  8 wights
  15 killer bees
  5 electric eels
  2 howler monkeys
  2 hounds (D:6)
  3 jellies
  Crazy Yiuf (D:7)
  A gnoll bouda (D:10)
  25 orc priests
  4 iguanas
  Jessica (D:2)
  14 orc wizards
  20 gnolls
  12 adders
  A shadow imp (D:6)
  14 white imps
  A worm (D:4)
  2 dart slugs (D:3)
  95 orcs
  9 ball pythons
  8 endoplasms
  A giant cockroach (D:3)
  17 goblins
  8 hobgoblins
  10 jackals
  6 quokkas
  2 bats
  3 frilled lizards
  16 kobolds
  10 rats
769 creatures vanquished.

Vanquished Creatures (others)
  2 orcs
  A butterfly (D:6)
  45 fungi
  111 plants
  5 toadstools (D:10)
  10 withered plants
174 creatures vanquished.

Grand Total: 943 creatures vanquished

Notes
Turn   | Place    | Note
-------+----------+-------------------------------------------
     0 | D:1      | malesh the Human Transmuter began the quest for the Orb.
     0 | D:1      | Reached XP level 1. HP: 15/15 MP: 3/3
   179 | D:1      | Reached XP level 2. HP: 18/21 MP: 3/5
   182 | D:1      | Learned a level 2 spell: Wereblood
   566 | D:1      | Reached XP level 3. HP: 26/26 MP: 2/6
   879 | D:2      | Noticed Sigmund
   960 | D:2      | Noticed Jessica
  1178 | D:2      | Killed Jessica
  1179 | D:2      | Reached XP level 4. HP: 30/32 MP: 5/7
  1793 | D:2      | Reached XP level 5. HP: 37/37 MP: 7/9
  2005 | D:3      | Learned a level 3 spell: Spider Form
  2140 | D:3      | Reached skill level 4 in Unarmed Combat
  2243 | D:3      | Reached XP level 6. HP: 18/43 MP: 8/10
  2714 | D:3      | Identified the +6 dagger of Earthquakes {antimagic, Dex+6}
  2845 | D:4      | Learned a level 4 spell: Ice Form
  3041 | D:4      | Noticed a black bear
  3047 | D:4      | Killed a black bear
  3073 | D:4      | Noticed a black bear
  3089 | D:4      | Killed a black bear
  3090 | D:4      | Reached XP level 7. HP: 34/49 MP: 9/12
  3355 | D:4      | Reached skill level 5 in Unarmed Combat
  3689 | D:4      | Noticed a moth of wrath
  3692 | D:4      | Found a bloodstained altar of Trog.
  3846 | D:4      | Found a large runed translucent door.
  3847 | D:4      | Found a large runed translucent door.
  3880 | D:4      | Found a basalt altar of Yredelemnul.
  3910 | D:4      | Found a glowing silver altar of Zin.
  3937 | D:5      | Entered Level 5 of the Dungeon
  4254 | D:5      | Reached XP level 8. HP: 56/56 MP: 7/13
  4363 | D:5      | Reached skill level 6 in Unarmed Combat
  4405 | D:5      | Reached skill level 5 in Transmutations
  4962 | D:2      | Killed Sigmund
  4963 | D:2      | Reached skill level 1 in Stealth
  5206 | D:6      | Reached skill level 1 in Poison Magic
  5574 | D:6      | Reached skill level 7 in Unarmed Combat
  5610 | D:6      | HP: 2/56 [electric eel/bolt of electricity (15)]
  5874 | D:6      | Reached XP level 9. HP: 61/61 MP: 11/15
  6697 | D:6      | Found a staircase to the Ecumenical Temple.
  6737 | Temple   | Entered the Ecumenical Temple
  6879 | D:6      | Reached skill level 8 in Unarmed Combat
  6922 | D:6      | Noticed Eustachio
  6933 | D:6      | Killed Eustachio
  6964 | D:6      | Noticed Blork the orc
  6979 | D:6      | Killed Blork the orc
  6980 | D:6      | Reached skill level 1 in Shields
  7176 | D:7      | Noticed Joseph
  7251 | D:7      | Learned a level 3 spell: Mephitic Cloud
  7266 | D:7      | Found Kaampet's Armour Boutique.
  7272 | D:7      | Bought a +0 hat for 44 gold pieces
  7272 | D:7      | Bought a +0 robe of fire resistance for 84 gold pieces
  7358 | D:7      | Found an iron altar of Okawaru.
  7637 | D:7      | Killed Joseph
  7638 | D:7      | Reached skill level 5 in Spellcasting
  7913 | D:7      | Noticed a hornet
  7929 | D:7      | Killed a hornet
  7930 | D:7      | Reached skill level 9 in Unarmed Combat
  8028 | D:7      | Reached XP level 10. HP: 61/67 MP: 13/17
  8598 | D:7      | Found a runed translucent door.
  8599 | D:7      | Noticed Crazy Yiuf
  9013 | D:7      | Found a shimmering altar of Xom.
  9019 | D:7      | Found a hazy altar of Hepliaklqana.
  9019 | D:7      | Found an ornate altar of the Wu Jian Council.
  9021 | D:7      | Found a white marble altar of Elyvilon.
  9021 | D:7      | Found a sparkling altar of Nemelex Xobeh.
  9021 | D:7      | Found a sparkling altar of Nemelex Xobeh.
  9469 | Temple   | Became a worshipper of Cheibriados the Contemplative
  9665 | D:7      | Killed Crazy Yiuf
 10149 | D:8      | Reached skill level 1 in Ice Magic
 10530 | D:8      | Reached * piety under Cheibriados
 10576 | D:8      | Identified the +8 war axe "Nuzoq" {freeze, +Blink rC-
                  | Will+++ Str-5}
 10705 | D:9      | Reached skill level 5 in Dodging
 10984 | D:9      | Noticed Psyche
 11028 | D:9      | Reached XP level 11. HP: 71/73 MP: 17/20
 11153 | D:9      | Found an ornate altar of the Wu Jian Council.
 11154 | D:9      | Found an ancient bone altar of Kikubaaqudgha.
 11244 | D:9      | Reached skill level 10 in Unarmed Combat
 11245 | D:9      | Reached ** piety under Cheibriados
 11466 | D:9      | Noticed a sun demon
 11621 | D:9      | Killed Psyche
 12235 | D:9      | Found a white marble altar of Elyvilon.
 12357 | D:10     | Entered Level 10 of the Dungeon
 12357 | D:10     | Noticed a two-headed ogre
 12367 | D:10     | Killed a two-headed ogre
 12383 | D:10     | Found a flagged portal.
 12421 | Bailey   | Entered a bailey
 12465 | Bailey   | Reached *** piety under Cheibriados
 12608 | Bailey   | Noticed an orc high priest
 12993 | D:10     | Found a staircase to the Lair.
 13028 | D:10     | Reached **** piety under Cheibriados
 13425 | D:10     | Reached XP level 12. HP: 80/80 MP: 18/22
 13431 | D:10     | Reached skill level 11 in Unarmed Combat
 13608 | D:9      | Learned a level 5 spell: Blade Hands
 13860 | D:10     | Found a broken altar of Ashenzari.
 13911 | D:10     | Found a blossoming altar of Fedhas.
 13930 | D:10     | Reached skill level 12 in Unarmed Combat
 14117 | D:10     | Reached ***** piety under Cheibriados
 14639 | D:11     | Found a staircase to the Orcish Mines.
 14734 | Lair:1   | Entered Level 1 of the Lair of Beasts
 15034 | Lair:1   | HP: 2/81 [komodo dragon (24)]
 15293 | Lair:1   | Noticed Amaemon
 15303 | Lair:1   | Reached skill level 1 in Invocations
 15310 | Lair:1   | Killed Amaemon
 15565 | Lair:1   | Identified the +5 plate armour "Etoyll" {Rampage Fly Regen+
                  | Dex-2}
 15739 | Lair:2   | Reached XP level 13. HP: 88/88 MP: 17/24
 16366 | Lair:2   | Reached skill level 10 in Transmutations
 16538 | Lair:2   | Reached ****** piety under Cheibriados
 16546 | Lair:2   | Noticed Urug
 16551 | Lair:2   | Killed Urug
 16552 | Lair:2   | Reached skill level 5 in Ice Magic
 16947 | Lair:3   | Reached skill level 13 in Unarmed Combat
 17192 | Lair:3   | Found a dark tunnel.
 17211 | Volcano  | Entered a volcano
 17394 | Volcano  | Reached skill level 5 in Invocations
 17611 | Volcano  | Noticed a fire dragon
 17626 | Volcano  | Killed a fire dragon
 17845 | Lair:3   | Found a staircase to the Snake Pit.
 18012 | Lair:3   | Found a staircase to the Shoals.
 18678 | Lair:4   | Reached XP level 14. HP: 96/96 MP: 22/26
 18710 | Lair:4   | Found a gate leading to a gauntlet.
 18753 | Gauntlet | Entered a Gauntlet
 18753 | Gauntlet | Found a transporter.
 18753 | Gauntlet | Found a transporter.
 18753 | Gauntlet | Found a transporter.
 18753 | Gauntlet | Found a transporter.
 18773 | Gauntlet | Found a transporter.
 18787 | Gauntlet | Found a transporter.
 18788 | Gauntlet | Found a transporter.
 18796 | Gauntlet | a goliath frog changed into a storm dragon
 18796 | Gauntlet | Noticed a storm dragon (glowing shapeshifter)
 18797 | Gauntlet | Found a transporter.
 18799 | Gauntlet | a storm dragon changed into a broodmother
 18799 | Gauntlet | Noticed a broodmother (glowing shapeshifter)
 18801 | Gauntlet | a broodmother changed into a great orb of eyes
 18804 | Gauntlet | a great orb of eyes changed into a bunyip
 18804 | Gauntlet | Noticed a bunyip (glowing shapeshifter)
 18804 | Gauntlet | a bunyip changed into an alligator
 18815 | Gauntlet | Found a transporter.
 18837 | Gauntlet | Found a transporter.
 18839 | Gauntlet | Found a transporter.
 18849 | Gauntlet | Found a transporter.
 18951 | Gauntlet | an anaconda changed into a spark wasp
 18951 | Gauntlet | Noticed a spark wasp (glowing shapeshifter)
 18952 | Gauntlet | a spark wasp changed into a great orb of eyes
 19144 | Gauntlet | Identified the +2 cloak of the Wilderness {SInv}
 19189 | Gauntlet | Reached skill level 5 in Fighting
 19278 | Gauntlet | Identified the ring "Mymymea" {Wiz Fly SInv}
 19332 | Gauntlet | Noticed a minotaur
 19341 | Gauntlet | Killed a minotaur
 19651 | Lair:4   | Found a transporter.
 19655 | Lair:4   | Found a transporter.
 19735 | Lair:4   | Identified the +5 scale mail "Viqat" {rPois rN++ Will+
                  | Regen+}
 19842 | Lair:4   | Reached skill level 5 in Poison Magic
 19910 | Lair:4   | Noticed Kyusiynim's ghost (journeyman GnEn)
 20010 | Lair:4   | Reached skill level 14 in Unarmed Combat
 20333 | Lair:5   | Entered Level 5 of the Lair of Beasts
 20416 | Lair:5   | Found a staircase to the Slime Pits.
 20583 | Orc:1    | Entered Level 1 of the Orcish Mines
 20591 | Orc:1    | Noticed an orc warlord
 20612 | Orc:1    | Killed an orc warlord
 20824 | Orc:1    | Noticed an orc warlord
 21064 | D:11     | Found Aguxtot's Weapon Boutique.
 21204 | D:11     | Noticed Taxman66's ghost (journeyman HuHs)
 21205 | D:11     | Found a transporter.
 21205 | D:11     | Found a transporter.
 21205 | D:11     | Identified the +7 dire flail of Vean {vamp, rF- Will+
                  | rCorr}
 21925 | D:12     | Learned a level 4 spell: Olgreb's Toxic Radiance
 22873 | D:13     | Noticed Erolcha
 22883 | D:13     | Killed Erolcha
 22986 | D:13     | Reached XP level 15. HP: 103/105 MP: 28/28
 23572 | D:13     | Reached skill level 15 in Unarmed Combat
 24030 | D:13     | Found a gate to the Vaults.
 24179 | D:14     | Identified the +2 robe of Experimentation {Int-4 Dex+5}
 24381 | D:14     | Identified the +6 mace of the Cursing Hawk {venom, rCorr
                  | Str+3}
 24552 | D:14     | Identified the +7 chain mail "Xamoj" {Regen+ rCorr Slay-2
                  | SInv}
 24724 | D:14     | Found an ornate altar of the Wu Jian Council.
 24881 | D:14     | Reached skill level 1 in Conjurations
 24996 | D:15     | Entered Level 15 of the Dungeon
 25643 | D:15     | Noticed Louise
 25655 | D:15     | Killed Louise
 25811 | D:15     | Reached skill level 10 in Spellcasting
 25971 | D:15     | Noticed a frost giant
 25976 | D:15     | Reached skill level 1 in Evocations
 26331 | D:15     | Killed a frost giant
 26609 | D:15     | Found a staircase to the Depths.
 26932 | Lair:5   | Paralysed by a hornet for 2 turns
 27591 | Lair:5   | Reached XP level 16. HP: 69/113 MP: 30/30
 28425 | Lair:5   | Identified the +4 rapier of Tagaij {vorpal, Fragile rN+++
                  | rCorr Dex-3}
 29098 | Orc:1    | Reached skill level 16 in Unarmed Combat
 29258 | Orc:1    | Found a transporter.
 29271 | Orc:1    | Noticed Ubbricas's ghost (journeyman OgHs)
 29658 | Orc:2    | Entered Level 2 of the Orcish Mines
 29658 | Orc:2    | Found a transporter.
 29663 | Orc:2    | Found a staircase to the Elven Halls.
 29804 | Orc:2    | HP: 3/135 [orc knight/bolt (18)]
 30275 | Orc:2    | Found a transporter.
 30281 | Orc:2    | Noticed edsrzf's ghost (journeyman DrAr)
 30544 | Orc:2    | Learned a level 5 spell: Yara's Violent Unravelling
 31205 | Orc:2    | Found Ticlih's Weapon Shop.
 31205 | Orc:2    | Found Ivvades's Magic Scroll Emporium.
 31205 | Orc:2    | Found Pogy's Antique Weapon Shoppe.
 31208 | Orc:2    | Found Hiddox's Book Boutique.
 31389 | Orc:2    | Bought a Fen Folio for 630 gold pieces
 31392 | Orc:2    | Bought a scroll of blinking for 105 gold pieces
 31392 | Orc:2    | Bought a scroll of teleportation for 42 gold pieces
 31392 | Orc:2    | Bought a scroll of identify for 28 gold pieces
 31392 | Orc:2    | Bought a scroll of blinking for 105 gold pieces
 31392 | Orc:2    | Bought a scroll of fear for 56 gold pieces
 31392 | Orc:2    | Bought a scroll of blinking for 105 gold pieces
 31392 | Orc:2    | Bought a scroll of teleportation for 42 gold pieces
 31392 | Orc:2    | Bought a scroll of poison for 56 gold pieces
 31573 | Shoals:1 | Entered Level 1 of the Shoals
 31791 | Shoals:1 | Reached skill level 1 in Hexes
 32167 | Shoals:1 | Noticed Mlioglotl
 32182 | Shoals:1 | Noticed a lich
 32182 | Shoals:1 | Killed Mlioglotl
 32671 | Shoals:1 | Found a transporter.
 32671 | Shoals:1 | Found a transporter.
 32675 | Shoals:1 | Noticed brinewave's ghost (adept HOCA)
 32719 | Shoals:1 | Noticed Josephine
 32726 | Shoals:1 | Killed Josephine
 32999 | Shoals:1 | Noticed Jorgrun
 33012 | Shoals:1 | Killed Jorgrun
 33625 | Shoals:1 | Mangled by a faun

Illustrated notes

Levels and vault maps discovered:
D:1:      saegor_arrival_simple_b, layout_basic
D:2:      layout_loops_ring, uniq_sigmund, uniq_jessica
D:3:      layout_loops_ring
D:4:      layout_loops_ring, tgw_trog, jmf_multi_god_temple2, kennysheep_dice
D:5:      layout_loops_ring
D:6:      layout_loops_corners, minmay_temple_entry_butterflies, serial_bayou,
          serial_bayou_crossing, serial_bayou_ford_a, serial_bayou_lagoon_a,
          serial_bayou_pond_c, uniq_eustachio, uniq_blork_the_orc
D:7:      layout_basic, doesnt_xom_only_xom, okawaru_gym_becter, serial_shops,
          nicolae_shop_competitors_out_of_business, uniq_crazy_yiuf_cottage,
          uniq_joseph
D:8:      layout_rooms
D:9:      layout_loops_ring, nicolae_overflow_hidden_temple, uniq_psyche
D:10:     layout_loops_ring, fedhas_altar_2, cheibrodos_ashenzari_chains,
          erik_lair_orcish_takeover, enter_bailey_3, serial_undead,
          serial_undead_d, serial_undead_f, serial_undead_d, serial_undead_d,
          minmay_gold_behind_fungi
D:11:     layout_irregular_city, orc_0_dummy, serial_shops,
          nicolae_shop_bloodbath_and_beyond, gammafunk_ghost_smash,
          nicolae_sextant
D:12:     layout_loops_ring
D:13:     layout_roguey, david_vaults_4, special_room [special_room_orc],
          uniq_erolcha
D:14:     layout_irregular_city, nzn_wu_jian_contemplation,
          chequers_decorated_corner
D:15:     grunt_enter_depths_snipers, layout_stronghold, nrook_mini_vaults,
          minmay_misc_feat_more_columns, uniq_louise
Temple:   nicolae_temple_ecumenical_triangle
Lair:1:   layout_regular_city, chequers_serial_rivers_micro_e, uniq_amaemon
Lair:2:   layout_small_grid, grunt_forest_large_clearings, uniq_urug
Lair:3:   layout_roguey, elwin_shoals_entry_rooms, dummy_snake_entry,
          lightli_volcano_entry_magma_tube
Lair:4:   layout_regular_city, gauntlet_entry_generic, gammafunk_ghost_hive
Lair:5:   gammafunk_lair_ancient_temple, layout_long_grid, slime_entry_1,
          serial_rivers, chequers_serial_rivers_marsh,
          chequers_serial_rivers_micro_a, chequers_serial_rivers_micro_e,
          chequers_serial_rivers_micro_c, chequers_serial_rivers_small_b
Shoals:1: layout_shoals, ebering_ghost_davey_jones, uniq_mlioglotl,
          uniq_jorgrun, uniq_josephine
Orc:1:    layout_caves, gammafunk_ghost_stat_death, portal_ice_cave_entry_imps,
          nicolae_orc_tapped_out
Orc:2:    st_orc_rangers, layout_caves, gammafunk_ghost_arena, minmay_orc_keep

Skill      XL: |  1  2  3  4  5  6  7  8  9 10 11 12 13 14 15 16 |
---------------+-------------------------------------------------+-----
Transmutations | 3 4 5 6 7 8 9 10 11 12 | 12.4
Spellcasting   | 3 4 5 6 7 8 9 10 | 10.7
Unarmed Combat | 4 5 7 9 10 12 13 14 15 16 | 16.5
Fighting       | 2 3 4 5 6 7 |  7.4
Dodging        | 3 4 5 6 7 8 9 |  9.7
Stealth        | 1 |  1.3
Poison Magic   | 1 2 3 4 5 |  5.1
Shields        | 1 2 3 4 |  4.2
Ice Magic      | 2 4 5 6 |  6.0
Invocations    | 2 5 6 8 9 |  9.0
Conjurations   | 1 |  1.3
Evocations     | 2 3 |  3.0
Hexes          | 2 |  2.4
Air Magic      | |  0.7

Action                   |  1- 3 |  4- 6 |  7- 9 | 10-12 | 13-15 | 16-18 || total
-------------------------+-------+-------+-------+-------+-------+-------++-------
Melee: Unarmed           |    84 |   151 |   284 |   538 |   708 |   336 ||  2101
       Kick              |    22 |    41 |    33 |       |       |       ||    96
       Headbutt          |     7 |    25 |    16 |     4 |       |       ||    52
       Punch             |       |     3 |     6 |    11 |    30 |    14 ||    64
 Cast: Beastly Appendage |    23 |    29 |    27 |     6 |       |       ||    85
       Wereblood         |     2 |     3 |     7 |    19 |    13 |     2 ||    46
       Spider Form       |       |     2 |    23 |    32 |       |     1 ||    58
       Mephitic Cloud    |       |       |       |     2 |     3 |     1 ||     6
       Ice Form          |       |       |       |    11 |    48 |    12 ||    71
       Blade Hands       |       |       |       |    17 |    47 |    25 ||    89
       Olgreb's Toxic Ra |       |       |       |       |     5 |     1 ||     6
Invok: Slouch            |       |       |       |       |       |     1 ||     1
       Temporal Distorti |       |       |       |       |       |     1 ||     1
 Abil: End Transformatio |       |       |       |     1 |     5 |    17 ||    23
Evoke: Wand              |       |       |       |       |     4 |       ||     4
  Use: Scroll            |     4 |     1 |     7 |     6 |    10 |     4 ||    32
       Potion            |       |       |     2 |     3 |     6 |     2 ||    13
 Stab: Sleeping          |       |       |       |     2 |     3 |     1 ||     6
       Distracted        |       |       |       |       |     1 |       ||     1
       Invisible         |       |       |       |       |    14 |       ||    14
       Confused          |       |       |       |       |     2 |       ||     2
Armor: Robe              |    14 |    17 |    13 |    19 |    34 |    29 ||   126
       Skin              |       |     3 |     7 |    43 |    82 |    20 ||   155
Dodge: Dodged            |    62 |    94 |   131 |   344 |   480 |   304 ||  1415
Block: Other             |       |       |    29 |   105 |   162 |    51 ||   347
       Reflection        |       |       |       |     6 |     6 |    56 ||    68
       Kite shield       |       |       |       |       |       |   135 ||   135

Table legend: (Time is in decaauts)
 A = Elapsed time spent in this place.
 B = Non-inter-level travel time spent in this place.
 C = Inter-level travel time spent in this place.
 D = Time resting spent in this place.
 E = Time spent auto-exploring this place.
 F = Levels seen in this place.
 G = Mean time per level.
                   A        B        C        D        E       F      G
               +--------+--------+--------+--------+--------+-----+--------+
         Total |  43594 |  39132 |   4462 |   5844 |  25582 |  27 | 1614.6 |
       Dungeon |  25956 |  22929 |   3027 |   2843 |  16392 |  15 | 1730.4 |
        Temple |     61 |     45 |     16 |      0 |     31 |   1 |   61.0 |
          Lair |   9785 |   8761 |   1024 |   1053 |   6035 |   5 | 1957.0 |
        Shoals |   2459 |   2313 |    146 |    893 |    967 |   1 | 2459.0 |
  Orcish Mines |   3233 |   2985 |    248 |    571 |   1691 |   2 | 1616.5 |
        Bailey |    292 |    292 |      0 |     78 |     37 |   1 |  292.0 |
       Volcano |    729 |    729 |      0 |    239 |     38 |   1 |  729.0 |
      Gauntlet |   1076 |   1076 |      0 |    166 |    390 |   1 | 1076.0 |
               +--------+--------+--------+--------+--------+-----+--------+

Top non-repeatable levels by time:
    D:11: 2813 daAuts
    D:10: 2660 daAuts
    D:15: 2533 daAuts
     D:6: 2517 daAuts
Shoals:1: 2459 daAuts
  Lair:5: 2377 daAuts
  Lair:4: 2213 daAuts
     D:7: 2158 daAuts
     D:9: 2042 daAuts
    D:13: 1972 daAuts
  Lair:1: 1812 daAuts
  Lair:3: 1759 daAuts
   Orc:1: 1653 daAuts
  Lair:2: 1622 daAuts
   Orc:2: 1580 daAuts
